Map: Recife Abissal LE

Players

BoraBora - Winner!

  • Race: Protoss Protoss
  • League: Platinum
  • Spawn Location: 5:00

efelinto

  • Race: Terran Terran
  • League: Diamond
  • Spawn Location: 11:00

VOD

Have the link to the VOD?

Description

Time

  • Played on: April 27, 2017, 9:03 p.m.
  • Length: 11:32
Show
View Real Time Build Order
Export as new Build Order

BoraBora Protoss - Winner!

Build Orders: 1 Gate Expand 

Get SALT Encoding   

  12  0:01  Probe (Chrono Boost)  
  13  0:14  Pylon  
  13  0:17  Probe (Chrono Boost)  
  14  0:32  Gateway  
  14  0:34  Probe (Chrono Boost)  
  15  0:44  Assimilator  
  15  0:45  Probe (Chrono Boost)  
  16  1:15  Nexus  
  16  1:26  Cybernetics Core  
  16  1:30  Probe (Chrono Boost)  
  17  1:35  Assimilator  
  17  1:40  Probe (Chrono Boost)  
  18  1:47  Pylon  
  18  1:52  Probe (Chrono Boost)  
  19  2:02  Adept  
  19  2:04  Probe (Chrono Boost)  
  22  2:15  Probe (Chrono Boost)  
  23  2:22  Warp Gate  
  23  2:29  Mothership Core (Chrono Boost), Probe (Chrono Boost)  
  26  2:38  Adept  
  26  2:40  Probe (Chrono Boost)  
  29  2:59  Probe (Chrono Boost)  
  29  3:00  Probe (Chrono Boost)  
  31  3:07  Pylon  
  31  3:08  Robotics Facility  
  32  3:12  Probe (Chrono Boost)  
  32  3:23  Twilight Council  
  32  3:27  Twilight Council  
  32  3:31  Probe (Chrono Boost)  
  32  3:32  Probe (Chrono Boost)  
  34  3:39  Adept  
  36  3:42  Probe (Chrono Boost)  
  36  3:44  Probe (Chrono Boost)  
  38  3:55  Pylon  
  38  3:56  Observer  
  38  3:58  Resonating Glaives  
  39  4:06  Gateway  
  41  4:11  Probe x2 (Chrono Boost)  
  41  4:21  Observer  
  41  4:22  Probe (Chrono Boost)  
  41  4:23  Probe (Chrono Boost), Gateway  
  44  4:33  Probe (Chrono Boost), Pylon  
  44  4:35  Probe (Chrono Boost)  
  46  4:39  Assimilator  
  46  4:41  Adept  
  46  4:43  Probe (Chrono Boost)  
  46  4:45  Warp Prism  
  52  4:54  Probe (Chrono Boost)  
  52  4:55  Probe (Chrono Boost)  
  53  5:03  Adept  
  55  5:10  Gateway  
  55  5:13  Gateway  
  55  5:15  Sentry  
  55  5:21  Probe x2 (Chrono Boost)  
  59  5:23  Assimilator  
  59  5:25  Pylon  
  59  5:33  Probe x2 (Chrono Boost)  
  61  5:36  Pylon  
  61  5:42  Forge  
  61  5:45  Probe x2 (Chrono Boost), Sentry  
  61  5:47  Stalker  
  69  5:57  Probe x2 (Chrono Boost)  
  69  6:09  Probe (Chrono Boost)  
  70  6:15  Templar Archives  
  71  6:20  Probe (Chrono Boost)  
  71  6:21  Probe (Chrono Boost)  
  72  6:36  Sentry, Nexus  
  72  6:37  Blink, Stalker  
  76  6:46  Psionic Storm  
  76  6:54  Protoss Ground Weapons Level 1  
  76  6:57  Probe (Chrono Boost)  
  77  7:10  Stalker x4  
  85  7:16  Pylon  
  85  7:18  Pylon  
  85  7:19  Pylon  
  85  7:24  Probe (Chrono Boost)  
  84  7:43  Stalker x5  
  88  7:59  Gateway  
  88  8:01  Gateway  
  88  8:03  Probe (Chrono Boost)  
  88  8:04  Probe x2 (Chrono Boost), Gateway  
  88  8:05  Pylon  
  91  8:08  Stalker x5  
  101  8:19  Forge, Pylon  
  101  8:28  Probe (Chrono Boost)  
  101  8:29  Probe x2 (Chrono Boost)  
  101  8:32  Gateway  
  104  8:36  Assimilator  
  104  8:39  Robotics Bay  
  105  8:41  Probe (Chrono Boost)  
  105  8:42  Assimilator, High Templar x3  
  105  8:44  Adept x2  
  105  8:47  Probe (Chrono Boost)  
  117  8:48  Probe (Chrono Boost)  
  117  8:56  Pylon  
  117  9:07  Probe (Chrono Boost)  
  117  9:08  Probe (Chrono Boost)  
  119  9:14  Probe (Chrono Boost)  
  120  9:19  Probe (Chrono Boost)  
  120  9:22  High Templar  
  120  9:23  Stalker x2  
  120  9:24  Stalker x2, Protoss Ground Armor Level 1  
  129  9:29  Pylon  
  129  9:30  Pylon  
  119  9:53  Adept  
  119  9:54  Adept x3  
  119  9:55  Adept  
  129  10:09  Nexus  
  129  10:10  Adept  
  129  10:11  Pylon  
  131  10:14  Pylon  
  131  10:19  Adept x2  
  131  10:20  Adept x3  
  141  10:32  Assimilator  
  141  10:36  Assimilator  
  141  11:01  Stalker x2  
  141  11:02  Stalker x6  
  123  11:28  Archon  
Show
View Real Time Build Order
Export as new Build Order

efelinto Terran 

Build Orders:  

Get SALT Encoding   

  12  0:00  SCV  
  13  0:13  SCV  
  14  0:23  Supply Depot  
  14  0:25  SCV  
  15  0:37  Refinery  
  15  0:44  SCV  
  16  0:51  Barracks  
  16  0:56  SCV  
  17  1:08  SCV  
  18  1:17  Supply Depot  
  18  1:21  SCV  
  19  1:33  SCV  
  20  1:41  Reaper  
  21  1:49  Refinery  
  21  1:56  Command Center  
  21  2:06  Orbital Command  
  21  2:34  SCV  
  22  2:37  Barracks Reactor  
  22  2:46  SCV  
  22  2:58  SCV  
  23  3:11  SCV  
  23  3:12  Factory  
  24  3:19  Marine x2  
  25  3:23  SCV  
  27  3:35  Barracks  
  27  3:36  Barracks  
  27  3:46  SCV  
  27  3:48  Marine  
  28  3:49  Marine  
  28  3:52  Orbital Command  
  30  3:58  SCV  
  31  4:06  Bunker  
  31  4:11  SCV  
  31  4:15  Factory Tech Lab  
  32  4:20  Starport, Marine x2  
  32  4:23  SCV  
  35  4:25  SCV  
  36  4:35  SCV  
  36  4:37  SCV  
  36  4:38  Marine x2  
  40  4:45  Widow Mine  
  40  4:47  SCV  
  43  4:55  SCV  
  43  4:56  Marine x2  
  43  4:58  Barracks Tech Lab x2  
  46  5:10  Supply Depot  
  46  5:13  Supply Depot  
  46  5:14  Liberator  
  46  5:24  Engineering Bay  
  46  5:31  Siege Tank, SCV  
  46  5:35  Supply Depot  
  53  5:37  Supply Depot, SCV  
  54  5:43  Starport  
  54  5:45  Marine  
  54  5:46  Marine  
  56  5:50  Marauder x2  
  60  5:57  Liberator  
  60  5:59  Supply Depot  
  60  6:03  Supply Depot, Marine x2, SCV  
  63  6:10  Sensor Tower  
  63  6:11  Liberator, Marauder  
  63  6:13  SCV  
  63  6:15  SCV  
  70  6:21  Marine x2  
  70  6:25  SCV  
  73  6:29  SCV  
  77  6:38  Marine x2  
  77  6:39  Marine x2  
  81  6:41  Missile Turret  
  80  6:48  SCV  
  80  6:49  SCV  
  81  6:55  Marine  
  81  6:56  Marine  
  81  6:57  Marine x2  
  81  7:00  SCV  
  86  7:02  Missile Turret  
  86  7:05  Missile Turret  
  86  7:10  Command Center  
  86  7:23  Missile Turret  
  86  7:26  Missile Turret  
  86  7:28  Marauder  
  86  7:29  Marauder  
  90  7:33  Viking  
  85  7:50  Marauder x2  
  89  7:51  Missile Turret  
  89  8:02  Viking  
  91  8:11  Marauder  
  93  8:22  Marauder  
  93  8:24  Supply Depot  
  95  8:33  Marauder  
  97  8:37  Orbital Command  
  97  8:39  SCV  
  97  8:40  SCV  
  99  8:41  Liberator  
  99  8:44  Marauder  
  101  8:48  Supply Depot  
  101  8:51  SCV  
  101  8:52  SCV  
  101  8:53  Marine x2  
  101  8:54  Marauder  
  110  9:03  SCV  
  110  9:05  Marauder  
  113  9:11  Marine x2  
  113  9:12  Viking  
  113  9:15  Marauder  
  119  9:26  Marauder  
  119  9:29  Marine x2  
  123  9:37  Marauder  
  125  10:04  Supply Depot  
  125  10:07  Supply Depot  
  125  10:08  Supply Depot x2  
  125  10:10  Supply Depot  
  125  10:11  Supply Depot  
  125  10:12  Supply Depot  
  125  10:25  Viking, Marine  
  125  10:26  Marauder x2  
  132  10:32  Supply Depot  
  132  10:41  Marine  
  133  10:43  Marine  
  133  10:47  Marauder x2  
  138  10:55  Viking, Barracks  
  140  10:59  Marine  
  140  11:01  Marine  
  141  11:09  Marauder x2  
Tags
 
Add a new tag
Caveats
  • Supply blocks, unpowered buildings, or Contaminate may cause inaccurate times.
  • Supply counts are checked every 10 seconds.